 Dungeon Crawl Stone Soup version 0.23.2-1-ga50397a (webtiles) character file.

Game seed: 7510409293515932041

273 funkygono the Cudgeler (level 6, -5/49 HPs)
             Began as a Demonspawn Monk on May 18, 2019.
             Slain by an orc
             ... wielding a +0 flail
              (9 damage)
             ... on level 2 of the Dungeon.
             The game lasted 00:11:34 (3546 turns).

funkygono the Cudgeler (Demonspawn Monk)            Turns: 3546, Time: 00:11:35

Health: -5/49      AC:  5    Str: 17 (18) XL:     6   Next: 3%
Magic:  6/6        EV: 13    Int: 13 (16) God:
Gold:   172        SH:  0    Dex: 13 (16) Spells: 5/5 levels left

rFire    x . .     SeeInvis .   a - +0 mace
rCold    + + .     Gourm    .   (no shield)
rNeg     . . .     Faith    .   n - +1 leather armour
rPois    .         Spirit   .   (helmet restricted)
rElec    .         Reflect  .   (no cloak)
rCorr    .         Harm     .   (no gloves)
MR       .....                  (no boots)
Stlth    ++........             (no amulet)
HPRegen  0.16/turn              e - ring of ice
MPRegen  0.10/turn              d - +5 ring of strength

@: brilliant
A: horns 1, rugged brown scales 1, cold resistance 1
a: no special abilities


You were on level 2 of the Dungeon.
You were not hungry.

You visited 1 branch of the dungeon, and saw 3 of its levels.

You collected 172 gold pieces.

Inventory:

Hand Weapons
 a - a +0 mace (weapon)
Armour
 j - a +0 scale mail
 n - a +1 leather armour (worn)
Jewellery
 d - a +5 ring of strength (right hand)
 e - a ring of ice (left hand)
Wands
 m - a wand of enslavement (2)
 o - a wand of disintegration (10)
Scrolls
 f - 2 scrolls of teleportation
 g - a scroll of fog {unknown}
 h - a scroll of identify
 l - 2 scrolls of remove curse
Potions
 i - 2 potions of agility
Comestibles
 c - 7 rations


   Skills:
 + Level 3.9 Fighting
 + Level 4.6 Maces & Flails
 + Level 0.6 Armour
 + Level 3.5 Dodging
 + Level 2.9 Stealth


You had 5 spell levels left.
You didn't know any spells.
Your spell library was empty.

Dungeon Overview and Level Annotations

Branches:
Dungeon (3/15)

Altars:


Innate Abilities, Weirdness & Mutations

You have a pair of small horns on your head.
You are partially covered in rugged brown scales. (AC +1, +3% HP)
Your flesh is cold resistant. (rC+)


Message History

The orc wizard gestures wildly while chanting.
The orc wizard blinks!
The orc priest looks satisfied for a moment.
You climb upwards.
There is a stone staircase leading down here.
You barely miss the orc priest. You headbutt the orc priest.
The orc priest is almost dead.
The orc barely misses you. The orc priest misses you.
You sock the orc priest!
You kill the orc priest!
You have reached level 6!
Your experience leads to an increase in your attributes!
Your base attributes are Str 12, Int 11, Dex 16.
Increase (S)trength, (I)ntelligence, or (D)exterity?
You feel stronger.
Your demonic ancestry asserts itself...
You feel resistant to cold. The orc hits you with a +0 flail.
* * * LOW HITPOINT WARNING * * *
You hit the orc but do no damage. The orc hits you with a +0 flail!
You die...

#..................§§§§..........
#.#..............##§P............
#................###§§.P.........
#................###§P§§.........
#................)..§P§.§........
...................§§..§§........
..##..........#..####............
..##..........#..######..###..##.
..##...........o@.......###...##.
..............##.........##(..##.
..###########.##.........##.<.###
......# #..#.........##...# #
..###.########.#.<....8.......#
..# #......# #.#..............#
..# ######.###........8...#####
### #....##..........#
####............##


You could see an orc.

Vanquished Creatures
  2 orc priests
  Ijyb (D:3)
  A worker ant zombie (D:2)
  Robin (D:2)
  7 adders
  An adder zombie (D:2)
  5 dart slugs
  3 leopard geckos
  A bat skeleton (D:2)
  5 giant cockroaches
  20 goblins
  10 hobgoblins
  6 jackals
  A quokka (D:2)
  A ball python skeleton (D:2)
  8 bats
  3 frilled lizards
  7 kobolds
  A leopard gecko skeleton (D:2)
  9 rats
93 creatures vanquished.

Notes
Turn   | Place    | Note
-------+----------+-------------------------------------------
     0 | D:1      | funkygono the Demonspawn Monk began the quest for the Orb.
     0 | D:1      | Reached XP level 1. HP: 18/18 MP: 1/1
    99 | D:1      | Gained mutation: You have a pair of small horns on your
                  | head. [demonic ancestry]
    99 | D:1      | Reached XP level 2. HP: 20/24 MP: 2/2
   160 | D:1      | Reached skill level 3 in Maces & Flails
   432 | D:1      | Reached XP level 3. HP: 29/29 MP: 3/3
   957 | D:1      | HP: 1/29 [poisoned by an adder]
  1349 | D:2      | Reached XP level 4. HP: 14/35 MP: 4/4
  2028 | D:2      | Noticed Robin
  2048 | D:2      | Killed Robin
  2313 | D:2      | Reached skill level 4 in Maces & Flails
  2321 | D:2      | Gained mutation: You are partially covered in rugged brown
                  | scales. (AC +1, +3% HP) [demonic ancestry]
  2321 | D:2      | Reached XP level 5. HP: 37/43 MP: 5/5
  2612 | D:3      | Noticed Ijyb
  2650 | D:3      | Killed Ijyb
  3545 | D:2      | Gained mutation: Your flesh is cold resistant. (rC+)
                  | [demonic ancestry]
  3545 | D:2      | Reached XP level 6. HP: 5/49 MP: 6/6
  3546 | D:2      | Slain by an orc

Skill      XL: |  1  2  3  4 |
---------------+-------------+-----
Maces & Flails | 3 4 |  4.6
Dodging        | 3 |  3.5
Stealth        | 2 |  2.9
Fighting       | |  3.9
Armour         | |  0.6

Action                   |  1- 3 |  4- 6 || total
-------------------------+-------+-------++-------
Melee: Mace              |   121 |   158 ||   279
       Headbutt          |    12 |    30 ||    42
  Use: Scroll            |     4 |     2 ||     6
       Potion            |     3 |     2 ||     5
 Stab: Distracted        |     1 |       ||     1
       Sleeping          |     3 |     3 ||     6
  Eat: Chunk             |     2 |     7 ||     9
Armor: Robe              |    23 |    21 ||    44
       Leather armour    |       |    16 ||    16
Dodge: Dodged            |    99 |   135 ||   234
